 Dungeon Crawl Stone Soup version 0.30.1-9-gdf580d7c3d (webtiles) character file.

Game seed: 10121133018815955973

158 Kranky the Digger (level 5, -3/25 HPs)
             Began as a Spriggan Wanderer on Oct 8, 2023.
             Killed by divine providence
             ... invoked by an orc priest
              (13 damage)
             ... on level 3 of the Dungeon.
             The game lasted 00:05:07 (1959 turns).

Kranky the Digger (Spriggan Wanderer)               Turns: 1959, Time: 00:05:07

Health: -3/25      AC:  2    Str:  7    XL:     5   Next: 16%
Magic:  8/8        EV: 17    Int: 20    God:
Gold:   148        SH:  0    Dex: 11    Spells: 6/7 levels left

rFire   + . .        a - +0 dagger
rCold   + . .        (no shield)
rNeg    . . .        c - +0 robe
rPois   .            (helmet restricted)
rElec   .            f - scarf {rC+ rF+}
rCorr   .            (gloves unavailable)
SInv    +            (boots unavailable)
Will    .....        g - amulet of magic regeneration
Stlth   ++           (no ring)
HPRegen 0.24/turn    (no ring)
MPRegen 0.51/turn

%: no passive effects
@: very quick
A: very small, no large weapons, unfitting armour, see invisible, speed 3
a: no special abilities


You were on level 3 of the Dungeon.
You visited 1 branch of the dungeon, and saw 3 of its levels.

You collected 148 gold pieces.

Inventory:

Hand Weapons
 a - a +0 dagger (weapon)
Missiles
 m - 6 poisoned darts (quivered)
Armour
 c - a +0 robe (worn)
 d - a +0 cloak
 f - a scarf of resistance (worn)
Magical Staves
 j - a staff of air
Jewellery
 g - an amulet of magic regeneration (around neck)
 r - an amulet of regeneration
Scrolls
 b - a scroll of silence
 e - a scroll of magic mapping {unknown}
 i - a scroll of blinking {unknown}
 p - a scroll of teleportation {unknown}
 q - a scroll of identify {unknown}
Potions
 h - 3 potions of cancellation {unknown}
 k - 2 potions of brilliance {unknown}
 l - a potion of berserk rage {unknown}
 n - a potion of heal wounds {unknown}
 o - a potion of curing {unknown}


   Skills:
 + Level 1.6 Fighting
 - Level 0.2 Armour
 + Level 4.2 Dodging
 + Level 3.2 Stealth
 - Level 1.6 Spellcasting
 - Level 1.4 Hexes
 - Level 4.5 Earth Magic
 + Level 3.4 Evocations


You had 6 spell levels left.
You knew the following spells:

 Your Spells              Type           Power      Damage    Failure   Level
a - Sandblast             Erth           38%        2d10      2%          1

Your spell library contained the following spells:

 Spells                   Type           Power      Damage    Failure   Level
 Slow                     Hex            28%        N/A       9%          1
 Passwall                 Tmut/Erth      8%         N/A       10%         2
 Tukima's Dance           Hex            7%         N/A       26%         3
 Summon Guardian Golem    Hex/Summ       4%         N/A       36%         3
 Leda's Liquefaction      Hex/Erth       6%         N/A       43%         4
 Gell's Gravitas          Tloc           1%         N/A       45%         3
 Teleport Other           Tloc           1%         N/A       45%         3
 Dispersal                Tloc           0%         N/A       100%        6
 Simulacrum               Ice/Necr       0%         N/A       100%        6
 Orb of Destruction       Conj           0%         9d5       100%        7
 Ozocubu's Refrigeration  Ice            0%         4d7       100%        7
 Spellforged Servitor     Conj/Summ      0%         N/A       100%        7
 Polar Vortex             Ice            0%         N/A       100%        9


Dungeon Overview and Level Annotations

Branches:
Dungeon (3/15)

Altars:

Shops:
D:3 *


Innate Abilities, Weirdness & Mutations

You are very small and have problems with some larger weapons.
You are too small for most types of armour.
You have supernaturally acute eyesight. (SInv)
You cover ground extremely quickly. (Speed+++)


Message History

Items here: ))) †.
Things that are here:
a +0 club; a gnoll corpse You pick up a There-And-Back Book and begin reading...
You add the spells Gell's Gravitas, Teleport Other and Dispersal to your library.
q - a scroll labelled UDDYLA UNASYSM You open the door.
There is an open door here.
You open the door.
There is an open door here.
An adder comes into view.
The adder hisses angrily.
An adder is nearby!
Casting: Sandblast (safe; 2% risk of failure)
Confirm with . or Enter, or press ? or * to list all spells.
Aiming: Sandblast (safe; 2% risk of failure)
Press: ? - help, Shift-Dir - straight line, f - adder
Aim: an adder (70% to hit)
The blast of sand hits the adder!
You kill the adder!
Found a stone staircase leading up.
You now have 148 gold pieces (gained 18).
r - an amulet of regeneration An orc and 2 orc priests come into view.
The orc priest shouts!
The orc priest invokes the aid of Beogh against you.
Beogh smites you!
Ouch! That really hurt!
Casting: Sandblast (safe; 2% risk of failure)
Confirm with . or Enter, or press ? or * to list all spells.
Aiming: Sandblast (safe; 2% risk of failure)
Press: ? - help, Shift-Dir - straight line, f - orc priest
Aim: an orc priest, wielding a +0 short sword (wandering, hasn't noticed you, 82% to hit)
The blast of sand hits the orc priest.
The orc priest is moderately wounded.
The orc shouts!
The orc priest calls down the wrath of Beogh upon you.
Beogh smites you!
Ouch! That really hurt!
You die...

#.# #...# #.#
###. #...# #.#
...############.#
#.. .o.........#
#.#
o..#.###.<###.#
.o#.#........#
####.#.#.#..#####
#....#......#
#...?@...##.#
#.##.######.# #.
..# ## ###


You could see 2 orc priests and an orc.

Vanquished Creatures
  A jelly (D:3)
  4 gnolls (D:3)
  5 adders
  A worm (D:2)
  A dart slug (D:2)
  8 ball pythons
  3 bats
  2 endoplasms
  3 giant cockroaches
  4 goblins
  3 hobgoblins (D:1)
  A jackal (D:1)
  A quokka (D:2)
  2 frilled lizards
  3 kobolds
  3 rats
45 creatures vanquished.

Notes
Turn   | Place    | Note
-------+----------+-------------------------------------------
     0 | D:1      | Kranky the Spriggan Wanderer began the quest for the Orb.
     0 | D:1      | Kranky set off with the following items: a +0 dagger, a
                  | scroll of silence, a +0 robe, a +0 cloak; and the following
                  | spells available to memorise: Sandblast, Passwall, Slow,
                  | Tukima's Dance, Leda's Liquefaction.
     0 | D:1      | Reached XP level 1. HP: 9/9 MP: 3/3
     2 | D:1      | Learned a level 1 spell: Sandblast
   119 | D:1      | Reached XP level 2. HP: 13/13 MP: 2/5
   620 | D:2      | Reached skill level 1 in Stealth
   640 | D:2      | Reached XP level 3. HP: 17/17 MP: 4/6
  1238 | D:2      | Reached skill level 1 in Fighting
  1599 | D:3      | Reached XP level 4. HP: 22/22 MP: 7/7
  1697 | D:3      | Found Tefior's General Store.
  1882 | D:3      | Reached XP level 5. HP: 21/25 MP: 5/8
  1959 | D:3      | Killed from afar by an orc priest

Illustrated notes

Levels and vault maps discovered:
D:1:      minmay_arrival_checkered_box, layout_rooms, corexii_hall_statues_i,
          grunt_decor_one_mirror, minmay_split_cup_small
D:2:      wander_river, layout_loops_corners
D:3:      layout_loops_corners, serial_shops, nicolae_shop_tiny_waterfront

Skill      XL: |  1  2  3  4 |
---------------+-------------+-----
Dodging        | 3 4 |  4.2
Evocations     | 2 3 |  3.4
Stealth        | 1 2 3 |  3.2
Fighting       | 1 |  1.6
Armour         | |  0.2
Spellcasting   | |  1.6
Hexes          | |  1.4
Earth Magic    | |  4.5

Action                     |  1- 3 |  4- 6 || total
---------------------------+-------+-------++-------
  Melee: Dagger            |    12 |       ||    12
   Cast: Sandblast         |    48 |    13 ||    61
  Dodge: Dodged            |    10 |       ||    10
